| TOP OF THE 1ST |
|
Buffalo Bisons batting - Pitching for Rochester Red Wings : LHP Angel Vidaurri
|
|
Pitching: LHP Angel Vidaurri
|
|
|
Batting: RHB Danny Burnside
|
0-0: Ball 1-0: Swinging Strike 1-1: Called Strike 1-2: Fly out, F8 (Flyball, 8LXD, EV 105.0 MPH)
|
|
Batting: RHB Jon Aguilar
|
0-0: Bunt for hit to P - play at first, batter OUT! 1-3
|
|
Batting: RHB Ryan Kinkead
|
0-0: Ball 1-0: Ball 2-0: Ball 3-0: Base on Balls
|
|
Batting: LHB Josh Stuck
|
0-0: Ball 1-0: Fielders Choice at 2nd, U6 (Groundball, 6M, EV 92.5 MPH)
|
| Top of the 1st over - 0 runs, 0 hits, 0 errors, 1 left on base; Buffalo 0 - Rochester 0 |
| BOTTOM OF THE 1ST |
|
Rochester Red Wings batting - Pitching for Buffalo Bisons : RHP Zack Rust
|
|
Pitching: RHP Zack Rust
|
|
|
Batting: LHB Peer Derks
|
0-0: Ball 1-0: Swinging Strike 1-1: Foul Ball, location: 2F 1-2: Ball 2-2: Strikes out swinging
|
|
Batting: RHB Jesse Scott
|
0-0: Called Strike 0-1: Swinging Strike 0-2: Ground out 6-3 (Groundball, 6, EV 100.0 MPH)
|
|
Batting: RHB Michel Martineau
|
0-0: Ball 1-0: Swinging Strike 1-1: Fly out, F9 (Line Drive, 9, EV 86.9 MPH)
|
| Bottom of the 1st over - 0 runs, 0 hits, 0 errors, 0 left on base; Buffalo 0 - Rochester 0 |
| TOP OF THE 2ND |
|
Buffalo Bisons batting - Pitching for Rochester Red Wings : LHP Angel Vidaurri
|
|
Batting: RHB Tony Rosas
|
0-0: Foul Ball, location: 2F 0-1: Ball 1-1: Ball 2-1: Foul Ball, location: 2F 2-2: Fly out, F7 (Flyball, 7S, EV 93.8 MPH)
|
|
Batting: RHB Mike Strey
|
0-0: Called Strike 0-1: Foul Ball, location: 2F 0-2: Fly out, F4 (Popup, 4M, EV 63.8 MPH)
|
|
Batting: LHB Michael Byrd
|
0-0: Called Strike 0-1: Called Strike 0-2: Ball 1-2: DOUBLE (Line Drive, 7LS, EV 100.0 MPH)
|
|
Batting: RHB Greg Herzig
|
0-0: Ball 1-0: Foul Ball, location: 2F 1-1: Ball 2-1: Foul Ball, location: 2F 2-2: Ball 3-2: Ground out U3 (Groundball, 34S, EV 85.6 MPH)
|
| Top of the 2nd over - 0 runs, 1 hit, 0 errors, 1 left on base; Buffalo 0 - Rochester 0 |
| BOTTOM OF THE 2ND |
|
Rochester Red Wings batting - Pitching for Buffalo Bisons : RHP Zack Rust
|
|
Batting: SHB Aaron Tatar
|
0-0: Called Strike 0-1: DOUBLE (Line Drive, 7LM, EV 91.2 MPH)
|
|
Batting: RHB Tony Rivera
|
0-0: Called Strike 0-1: Ball 1-1: Called Strike 1-2: Strikes out looking
|
|
Batting: RHB Sifaks Warui
|
0-0: Called Strike 0-1: Ball 1-1: Ground out 3-1 (Groundball, 34, EV 99.4 MPH) Aaron Tatar to third
|
|
Batting: SHB David Myles
|
0-0: Ball 1-0: Ball 2-0: Ball 3-0: Base on Balls
|
|
Batting: RHB Eric Narrow
|
0-0: Called Strike 0-1: Ball 1-1: SINGLE (Line Drive, 9S, EV 105.0 MPH) Aaron Tatar scores David Myles to second
|
|
Batting: RHB Mario Taureda
|
0-0: Foul Ball, location: 2F 0-1: Ground out U3 (Groundball, 23, EV 80.0 MPH)
|
| Bottom of the 2nd over - 1 run, 2 hits, 0 errors, 2 left on base; Buffalo 0 - Rochester 1 |
| TOP OF THE 3RD |
|
Buffalo Bisons batting - Pitching for Rochester Red Wings : LHP Angel Vidaurri
|
|
Batting: RHB John Loving
|
0-0: Called Strike 0-1: Ball 1-1: Ball 2-1: Swinging Strike 2-2: Ball 3-2: Base on Balls
|
|
Batting: RHB Danny Burnside
|
0-0: Called Strike 0-1: Ball 1-1: Ball John Loving is caught stealing 2nd base 2-4 2-1: Ball 3-1: SINGLE (Groundball, 6M, EV 105.0 MPH)
|
|
Batting: RHB Jon Aguilar
|
0-0: Ball Danny Burnside is caught stealing 2nd base 2-4 1-0: Called Strike 1-1: Swinging Strike 1-2: Foul Ball, location: 2F 1-2: SOLO HOME RUN (Flyball, 7LD, EV 100.0 MPH), Distance : 360 ft
|
|
Batting: RHB Ryan Kinkead
|
0-0: Ground out 5-3 (Groundball, 56, EV 93.8 MPH)
|
| Top of the 3rd over - 1 run, 2 hits, 0 errors, 0 left on base; Buffalo 1 - Rochester 1 |
| BOTTOM OF THE 3RD |
|
Rochester Red Wings batting - Pitching for Buffalo Bisons : RHP Zack Rust
|
|
Batting: LHB Peer Derks
|
0-0: Foul Ball, location: 2F 0-1: Ball 1-1: Ball 2-1: Ball 3-1: SINGLE (Line Drive, 34, EV 96.2 MPH)
|
|
Batting: RHB Jesse Scott
|
0-0: Fly out, F8 (Flyball, 78XD, EV 81.2 MPH)
|
|
Batting: RHB Michel Martineau
|
0-0: Ball 1-0: Swinging Strike 1-1: Ball 2-1: Ball 3-1: Foul Ball, location: 2F 3-2: Foul Ball, location: 2F 3-2: Foul Ball, location: 2F 3-2: Foul Ball, location: 2F 3-2: Foul Ball, location: 2F 3-2: SINGLE (Line Drive, 9S, EV 106.9 MPH) Peer Derks to second Peer Derks to third
|
|
Batting: SHB Aaron Tatar
|
0-0: Ball Wild Pitch! Peer Derks scores Michel Martineau to second 1-0: Ball 2-0: Ball 3-0: Called Strike 3-1: Foul Ball, location: 2F 3-2: Base on Balls
|
|
Batting: RHB Tony Rivera
|
0-0: Called Strike 0-1: Fielders Choice at 2nd, 6-4 (Groundball, 6M, EV 82.5 MPH) Michel Martineau to third
|
|
Batting: RHB Sifaks Warui
|
0-0: Ball Tony Rivera is caught stealing 2nd base 2-4
|
| Bottom of the 3rd over - 1 run, 2 hits, 0 errors, 1 left on base; Buffalo 1 - Rochester 2 |
| TOP OF THE 4TH |
|
Buffalo Bisons batting - Pitching for Rochester Red Wings : LHP Angel Vidaurri
|
|
Batting: LHB Josh Stuck
|
0-0: Ball 1-0: Ball 2-0: Fly out, F8 (Flyball, 8RM, EV 86.2 MPH)
|
|
Batting: RHB Tony Rosas
|
0-0: Foul Ball, location: 2F 0-1: Ball 1-1: Ball 2-1: Ball 3-1: Foul Ball, location: 2F 3-2: Foul Ball, location: 2F 3-2: Foul Ball, location: 2F 3-2: SINGLE (Groundball, 56D, EV 95.0 MPH)
|
|
Batting: RHB Mike Strey
|
0-0: Called Strike 0-1: Swinging Strike 0-2: Strikes out looking
|
|
Batting: LHB Michael Byrd
|
0-0: Foul Ball, location: 2F 0-1: Ball 1-1: Ball 2-1: Ball 3-1: SINGLE (Groundball, 25, EV 74.4 MPH) (infield hit) Tony Rosas to second
|
|
Batting: RHB Greg Herzig
|
0-0: Swinging Strike 0-1: Called Strike 0-2: Ball 1-2: Ball 2-2: Foul Ball, location: 2F 2-2: Foul Ball, location: 2F 2-2: Fly out, F5 (Flyball, 5D, EV 92.5 MPH)
|
| Top of the 4th over - 0 runs, 2 hits, 0 errors, 2 left on base; Buffalo 1 - Rochester 2 |
| BOTTOM OF THE 4TH |
|
Rochester Red Wings batting - Pitching for Buffalo Bisons : RHP Zack Rust
|
|
Batting: RHB Sifaks Warui
|
0-0: Ball 1-0: Ball 2-0: Ball 3-0: Fly out, F2 (Popup, 3SF, EV 81.9 MPH)
|
|
Batting: SHB David Myles
|
0-0: Swinging Strike 0-1: Fly out, F5 (Popup, 56S, EV 77.5 MPH)
|
|
Batting: RHB Eric Narrow
|
0-0: Called Strike 0-1: Ground out 6-3 (Groundball, 6M, EV 81.2 MPH)
|
| Bottom of the 4th over - 0 runs, 0 hits, 0 errors, 0 left on base; Buffalo 1 - Rochester 2 |
| TOP OF THE 5TH |
|
Buffalo Bisons batting - Pitching for Rochester Red Wings : LHP Angel Vidaurri
|
|
Batting: RHB John Loving
|
0-0: Called Strike 0-1: Ball 1-1: Foul Ball, location: 2F 1-2: Foul Ball, location: 2F 1-2: Ball 2-2: Strikes out swinging
|
|
Batting: RHB Danny Burnside
|
0-0: TRIPLE (Flyball, 7D, EV 104.4 MPH)
|
|
Batting: RHB Jon Aguilar
|
0-0: Hit by Pitch
|
|
Batting: RHB Ryan Kinkead
|
0-0: Ball 1-0: Called Strike 1-1: Foul Ball, location: 2F 1-2: Foul Ball, location: 2F 1-2: Ball 2-2: SINGLE (Line Drive, 6D, EV 110.0 MPH) Danny Burnside scores Jon Aguilar to second
|
|
Batting: LHB Josh Stuck
|
0-0: Ball Jon Aguilar steals 3rd base 1-0: Called Strike 1-1: Ball 2-1: Foul Ball, location: 2F 2-2: Fly out, F9 (Flyball, 9D, EV 96.2 MPH) Runner from 3rd tags up, SCORES, no throw by RF
|
|
Batting: RHB Tony Rosas
|
0-0: Ball 1-0: Ball 2-0: Called Strike 2-1: Fly out, F3 (Popup, 3F, EV 72.5 MPH)
|
| Top of the 5th over - 2 runs, 2 hits, 0 errors, 1 left on base; Buffalo 3 - Rochester 2 |
| BOTTOM OF THE 5TH |
|
Rochester Red Wings batting - Pitching for Buffalo Bisons : RHP Zack Rust
|
|
Batting: RHB Mario Taureda
|
0-0: Called Strike 0-1: Foul Ball, location: 2F 0-2: SINGLE (Line Drive, 89S, EV 95.0 MPH)
|
|
Batting: LHB Peer Derks
|
0-0: Ball 1-0: Ball 2-0: Called Strike 2-1: Fielders Choice at 2nd, 1-4 (Groundball, 15S, EV 73.1 MPH)
|
|
Batting: RHB Jesse Scott
|
0-0: Fly out, F6 (Popup, 56, EV 51.2 MPH)
|
|
Batting: RHB Michel Martineau
|
0-0: Swinging Strike 0-1: Ball 1-1: Ball 2-1: Fly out, F9 (Flyball, 89M, EV 96.9 MPH)
|
| Bottom of the 5th over - 0 runs, 1 hit, 0 errors, 1 left on base; Buffalo 3 - Rochester 2 |
| TOP OF THE 6TH |
|
Buffalo Bisons batting - Pitching for Rochester Red Wings : LHP Angel Vidaurri
|
|
Batting: RHB Mike Strey
|
0-0: Called Strike 0-1: Ball 1-1: Ball 2-1: Swinging Strike 2-2: Ground out 6-3 (Groundball, 6, EV 87.5 MPH)
|
|
Pitching: RHP Keeley Schenk
|
|
|
Batting: LHB Michael Byrd
|
0-0: Called Strike 0-1: Foul Ball, location: 2F 0-2: Ball 1-2: Foul Ball, location: 2F 1-2: Foul Ball, location: 2F 1-2: SINGLE (Groundball, 34D, EV 102.5 MPH)
|
|
Batting: RHB Greg Herzig
|
0-0: Ball 1-0: Ball Michael Byrd steals 2nd base 2-0: Foul Ball, location: 2F 2-1: Ball 3-1: Called Strike 3-2: Foul Ball, location: 2F 3-2: Base on Balls
|
|
Batting: RHB John Loving
|
0-0: Ball 1-0: Fly out, F9 (Line Drive, 9, EV 85.6 MPH)
|
|
Batting: RHB Danny Burnside
|
0-0: Fly out, F9 (Flyball, 9LM, EV 104.4 MPH)
|
| Top of the 6th over - 0 runs, 1 hit, 0 errors, 2 left on base; Buffalo 3 - Rochester 2 |
| BOTTOM OF THE 6TH |
|
Rochester Red Wings batting - Pitching for Buffalo Bisons : RHP Zack Rust
|
|
Batting: SHB Aaron Tatar
|
0-0: Ball 1-0: Fly out, F7 (Flyball, 78D, EV 91.2 MPH)
|
|
Batting: RHB Tony Rivera
|
0-0: Called Strike 0-1: Ball 1-1: DOUBLE (Flyball, 78D, EV 91.9 MPH)
|
|
Batting: RHB Sifaks Warui
|
0-0: Ball 1-0: Called Strike 1-1: Fly out, F8 (Flyball, 8LS, EV 71.9 MPH)
|
|
Batting: SHB David Myles
|
0-0: Called Strike 0-1: Ball 1-1: Called Strike 1-2: Ball 2-2: Fly out, F3 (Line Drive, 3, EV 68.8 MPH)
|
| Bottom of the 6th over - 0 runs, 1 hit, 0 errors, 1 left on base; Buffalo 3 - Rochester 2 |
| TOP OF THE 7TH |
|
Buffalo Bisons batting - Pitching for Rochester Red Wings : RHP Keeley Schenk
|
|
Batting: RHB Jon Aguilar
|
0-0: Ball 1-0: Swinging Strike 1-1: SINGLE (Line Drive, 89S, EV 91.2 MPH)
|
|
Batting: RHB Ryan Kinkead
|
0-0: Ball 1-0: Ball 2-0: DOUBLE (Line Drive, 5D, EV 106.9 MPH) Jon Aguilar to third Runner from 3rd tries for Home, SAFE, throw by LF to home
|
|
Batting: LHB Josh Stuck
|
0-0: Ball 1-0: Foul Ball, location: 2F 1-1: Foul Ball, location: 2F 1-2: Strikes out swinging
|
|
Batting: RHB Tony Rosas
|
0-0: Ball 1-0: Ball 2-0: Ball 3-0: Base on Balls
|
|
Batting: RHB Mike Strey
|
0-0: Ball 1-0: Swinging Strike 1-1: Swinging Strike 1-2: Ball 2-2: Grounds into double play, 6-4-3 (Groundball, 6, EV 78.8 MPH)
|
| Top of the 7th over - 1 run, 2 hits, 0 errors, 1 left on base; Buffalo 4 - Rochester 2 |
| BOTTOM OF THE 7TH |
|
Rochester Red Wings batting - Pitching for Buffalo Bisons : RHP Zack Rust
|
|
Batting: RHB Eric Narrow
|
0-0: Ground out 5-3 (Groundball, 56, EV 105.6 MPH)
|
|
Batting: RHB Mario Taureda
|
0-0: Ground out 4-3 (Groundball, 4, EV 85.0 MPH)
|
|
Batting: LHB Peer Derks
|
0-0: Ball 1-0: Ball 2-0: Fly out, F8 (Flyball, 8LM, EV 79.4 MPH)
|
| Bottom of the 7th over - 0 runs, 0 hits, 0 errors, 0 left on base; Buffalo 4 - Rochester 2 |
| TOP OF THE 8TH |
|
Buffalo Bisons batting - Pitching for Rochester Red Wings : RHP Keeley Schenk
|
|
Pitching: RHP Hiromasa Kumasaka
|
|
|
Batting: LHB Michael Byrd
|
0-0: Ball 1-0: Ball 2-0: Swinging Strike 2-1: Called Strike 2-2: Ball 3-2: Base on Balls
|
|
Batting: RHB Greg Herzig
|
0-0: Called Strike Michael Byrd steals 2nd base 0-1: Bunted foul 0-2: 2-RUN HOME RUN (Flyball, 7D, EV 95.6 MPH), Distance : 371 ft
|
|
Batting: RHB John Loving
|
0-0: Called Strike 0-1: Ball 1-1: Called Strike 1-2: Foul Ball, location: 2F 1-2: Ball 2-2: Ball 3-2: Strikes out swinging
|
|
Batting: RHB Danny Burnside
|
0-0: Foul Ball, location: 2F 0-1: Ball 1-1: Ball 2-1: Called Strike 2-2: Strikes out swinging
|
|
Batting: RHB Jon Aguilar
|
0-0: Foul Ball, location: 2F 0-1: Swinging Strike 0-2: Foul Ball, location: 2F 0-2: Ball 1-2: SINGLE (Line Drive, 5D, EV 108.1 MPH)
|
|
Batting: RHB Ryan Kinkead
|
0-0: Ball Jon Aguilar steals 2nd base (no throw) 1-0: Ground out 3-1 (Groundball, 34, EV 105.0 MPH)
|
| Top of the 8th over - 2 runs, 2 hits, 0 errors, 1 left on base; Buffalo 6 - Rochester 2 |
| BOTTOM OF THE 8TH |
|
Rochester Red Wings batting - Pitching for Buffalo Bisons : RHP Zack Rust
|
|
Batting: RHB Jesse Scott
|
0-0: Called Strike 0-1: Ball 1-1: SINGLE (Groundball, 6MD, EV 105.6 MPH)
|
|
Batting: RHB Michel Martineau
|
0-0: Ball 1-0: Foul Ball, location: 2F 1-1: Swinging Strike 1-2: Foul Ball, location: 2F 1-2: SINGLE (Groundball, 34D, EV 96.9 MPH) Jesse Scott to second Runner from 2nd tries for 3rd, SAFE, throw by RF made to third
|
|
Pitching: RHP Fernando Torres
|
|
|
Batting: SHB Aaron Tatar
|
0-0: Called Strike 0-1: Ball 1-1: Fly out, F4 (Flyball, 4MD, EV 77.5 MPH)
|
|
Batting: RHB Tony Rivera
|
0-0: Foul Ball, location: 2F 0-1: TRIPLE (Flyball, 89XD, EV 108.8 MPH) Jesse Scott scores Michel Martineau scores
|
|
Batting: RHB Sifaks Warui
|
0-0: Called Strike 0-1: Ball 1-1: Ground out 6-3 (Groundball, 6MD, EV 88.1 MPH) Tony Rivera scores
|
|
Batting: SHB David Myles
|
0-0: Called Strike 0-1: Ball 1-1: Ball 2-1: Foul Ball, location: 2F 2-2: Strikes out swinging
|
| Bottom of the 8th over - 3 runs, 3 hits, 0 errors, 0 left on base; Buffalo 6 - Rochester 5 |
| TOP OF THE 9TH |
|
Buffalo Bisons batting - Pitching for Rochester Red Wings : RHP Hiromasa Kumasaka
|
|
Batting: LHB Josh Stuck
|
0-0: Called Strike 0-1: Ball 1-1: Ground out 6-3 (Groundball, 6, EV 80.0 MPH)
|
|
Pinch Hitting: SHB Phuck
|
0-0: Ball 1-0: Ball 2-0: Ball 3-0: Base on Balls
|
|
Batting: RHB Mike Strey
|
0-0: Ball Phuck steals 2nd, throwing error, E2 Phuck to third 1-0: Swinging Strike 1-1: Foul Ball, location: 2F 1-2: SINGLE (Groundball, 4, EV 85.6 MPH) (infield hit) Phuck scores
|
|
Pitching: RHP Jose Lopez
|
|
|
Batting: LHB Michael Byrd
|
0-0: Called Strike 0-1: Ball 1-1: Ball 2-1: Fly out, F6 (Popup, 6M, EV 73.8 MPH)
|
|
Batting: RHB Greg Herzig
|
0-0: Ball 1-0: Ball 2-0: Swinging Strike 2-1: SINGLE (Line Drive, 4D, EV 95.0 MPH) Mike Strey to second
|
|
Batting: RHB John Loving
|
0-0: Fly out, F6 (Flyball, 56D, EV 93.8 MPH)
|
| Top of the 9th over - 1 run, 2 hits, 1 error, 2 left on base; Buffalo 7 - Rochester 5 |
| BOTTOM OF THE 9TH |
|
Rochester Red Wings batting - Pitching for Buffalo Bisons : RHP Fernando Torres
|
|
Pitching: RHP Gabe Nalley
|
|
|
Now at 1B: Phuck
|
|
|
Now at 2B: Ryan Kinkead
|
|
|
Batting: RHB Eric Narrow
|
0-0: Called Strike 0-1: Ball 1-1: Ground out 5-3 (Groundball, 56, EV 91.2 MPH)
|
|
Pinch Hitting: RHB Hildo Pot
|
0-0: Called Strike 0-1: Ball 1-1: Ball 2-1: Foul Ball, location: 2F 2-2: Ball 3-2: Strikes out swinging
|
|
Batting: LHB Peer Derks
|
0-0: Ball 1-0: Called Strike 1-1: Foul Ball, location: 2F 1-2: Foul Ball, location: 2F 1-2: Ball 2-2: Ground out 5-3 (Groundball, 56, EV 95.0 MPH)
|
| Bottom of the 9th over - 0 runs, 0 hits, 0 errors, 0 left on base; Buffalo 7 - Rochester 5 |
|